 Dungeon Crawl Stone Soup version 0.27-a0-1119-gbf574a6a6b (webtiles) character file.

Game seed: 13130040116313708922

11649 miscthings the Thaumaturge (level 11, -5/79 HPs)
             Began as a Djinni Conjurer on May 2, 2021.
             Was a Priest of Makhleb.
             Killed by divine providence
             ... invoked by an orc priest
              (13 damage)
             ... on level 2 of the Orcish Mines.
             The game lasted 00:18:12 (11059 turns).

miscthings the Thaumaturge (Djinni Conjurer)       Turns: 11059, Time: 00:18:12

Health: -5/79      AC: 17    Str:  4    XL:     11   Next: 81%
Gold:   815        EV: 13    Int: 27    God:    Makhleb [***...] SH: 12 Dex: 12

rFire    + + .     SeeInvis .   w - staff of poison
rCold    x . .     Faith    .   G - +3 buckler of Indemnity {Str-2 Int+4 Stlth+}
rNeg     + + .     Spirit   .   E - +0 troll leather armour
rPois    ∞         Reflect  +   z - +0 helmet
rElec    .         Harm     .   o - +2 cloak
rCorr    .         Rampage  .   (no gloves)
Will     +....                  (boots unavailable)
Stlth    ++........             b - amulet of reflection
HPRegen  1.23/turn              p - ring of positive energy
MPRegen  0.00/turn              D - ring of positive energy

@: ice-armoured, radiating poison, flying
A: fire resistance 2, cold vulnerability 1, float, innate caster, hp casting,
extra vitality 1
a: Renounce Religion, Minor Destruction, Lesser Servant of Makhleb


You were on level 2 of the Orcish Mines.
You worshipped Makhleb.
Makhleb was most pleased with you.
You visited 2 branches of the dungeon, and saw 12 of its levels.
You also visited: Sewer and Bailey.

You collected 925 gold pieces.
You spent 110 gold pieces at shops.

Inventory:

Missiles
 g - a throwing net
 t - a curare-tipped dart
 B - 8 atropa-tipped darts
Armour
 a - +0 steam dragon scales
 o - a +2 cloak (worn)
 z - a +0 helmet (worn)
 C - +0 acid dragon scales
 E - a +0 troll leather armour (worn)
 G - the +3 buckler of Indemnity (worn) {Str-2 Int+4 Stlth+}
   (You took it off a kobold on level 9 of the Dungeon)

   It affects your strength (-2).
   It affects your intelligence (+4).
   It makes you more stealthy.
Magical Staves
 w - a staff of poison (weapon)
Jewellery
 b - an amulet of reflection (around neck)
 p - a ring of positive energy (left hand)
 D - a ring of positive energy (right hand)
Wands
 v - a wand of iceblast (10)
 y - a wand of flame (23)
Scrolls
 e - a scroll of silence {unknown}
 k - 2 scrolls of vulnerability {unknown}
 n - 4 scrolls of teleportation
 q - a scroll of identify {@r1}
 r - 5 scrolls of enchant weapon
 x - a scroll of acquirement {unknown}
 A - a scroll of summoning {unknown}
Potions
 c - 3 potions of curing
 d - a potion of mutation
 f - 3 potions of might
 h - a potion of haste {unknown}
 i - 2 potions of heal wounds
 j - 3 potions of degeneration {unknown}
 l - a potion of resistance
 m - 2 potions of magic {unknown}
 s - 2 potions of attraction {unknown}
 u - 3 potions of flight {unknown}


   Skills:
 + Level 7.1 Fighting
 - Level 4.0 Armour
 + Level 8.2 Dodging
 - Level 1.5 Stealth
 + Level 3.5 Shields
 + Level 11.0 Spellcasting
 + Level 7.1 Evocations


You had 4 spell levels left.
You knew the following spells:

 Your Spells              Type           Power      Damage    Failure   Level
a - Searing Ray           Conj           100%       3d7       1%          2
b - Magic Dart            Conj           100%       1d8       1%          1
c - Dazzling Flash        Conj/Hex       100%       N/A       1%          3
d - Fulminant Prism       Conj/Hex       32%        3d16      1%          4
e - Iskenderun's Mystic   Conj/Tloc      65%        2d13      1%          4
f - Apportation           Tloc           100%       N/A       1%          1
g - Blink                 Tloc           N/A        N/A       1%          2
h - Passage of Golubria   Tloc           N/A        N/A       1%          4
x - Ozocubu's Armour      Ice            65%        N/A       1%          3
z - Olgreb's Toxic Radia  Pois           84%        N/A       1%          4
Your spell library was empty.

Dungeon Overview and Level Annotations

Branches:
Dungeon (10/15)            Temple (0/1) D:7            Lair (0/6) D:8
    Orc (2/2) D:10          Sewer (visited)          Bailey (visited)
    Elf: Orc:2

Altars:
Ashenzari
Hepliaklqana
Makhleb
Okawaru
Sif Muna
Trog
Vehumet
Xom
Yredelemnul
Zin
The Shining One

Shops:
D:4 *   D:5 *

Annotations:
D:6 3 runed translucent doors, karrick's ghost, novice DjFE


Innate Abilities, Weirdness & Mutations

You are immune to poison.
Your flesh is very heat resistant. (rF++)
You are vulnerable to cold. (rC-)
You float through the air rather than walking.
You learn spells naturally, not from books.
Your magical power is your life essence.
You have superior vitality. (+4 HP)


Message History

The mystic blast hits the orc knight but does no damage.
The orc knight is almost dead.
The mystic blast hits the two-headed ogre!!
You kill the two-headed ogre!
Makhleb accepts your kill.
* * * LOW HITPOINT WARNING * * *
The orc sorcerer looks even sicker.
The orc high priest looks as sick as possible!
The orc warlord looks as sick as possible!
The ogre looks as sick as possible!
The orc knight looks as sick as possible!
The orc warrior looks even sicker.
The orc is poisoned.
You hear a shout!
The orc knight no longer looks unusually strong.
The orc knight roars a battlecry!
The orc goes into a battle-frenzy!
An orc priest comes into view. It is wielding a +0 mace.
Your Spellcasting skill increases to level 11!
An orc warrior comes into view. It is wielding a +0 war axe.
Casting: Iskenderun's Mystic Blast (mildly dangerous; 1% risk of failure)
Confirm with . or Enter, or press ? or * to list all spells.
You erupt in a blast of force!
The mystic blast hits the orc sorcerer.
You kill the orc sorcerer!
Makhleb accepts your kill.
The mystic blast hits the orc knight!!
You kill the orc knight!
Makhleb accepts your kill.
* * * LOW HITPOINT WARNING * * *
The orc warrior is poisoned.
The orc sorcerer looks as sick as possible!
The orc high priest looks as sick as possible!
You kill the orc!
Makhleb accepts your kill.
The orc looks even sicker.
The orc priest is poisoned.
You hear a shout!
You kill the orc!
Makhleb accepts your kill.
The orc priest calls down the wrath of Beogh upon you.
Beogh smites you!
You die...

...............#..
............o)....... .
..................#..
.oo.........)).<.......
... ..............#....
...o ......o.)..)......
#..##o....).......P.P
##...)#......)......
#...@)).......)..P..
#.......#..#..).....
##.#..#.............
##................
#....#............
#...#.........#..
##.##..#.#.#... ##
..#####...


You could see an orc high priest (strong, extremely poisoned), an orc sorcerer
(strong, extremely poisoned), 2 orc warriors and an orc priest (strong,
poisoned).

Vanquished Creatures
  4 two-headed ogres
  Pikel (D:9)
  3 orc knights
  An orc sorcerer (Orc:2)
  Joseph (D:9)
  2 komodo dragons (D:8)
  A troll (D:9)
  A vampire (D:10)
  3 yaks (D:9)
  2 wyverns
  A wraith (D:10)
  A basilisk (D:8)
  3 steam dragons
  A warg (Orc:2)
  2 acid dragons (D:8)
  23 orc warriors
  A water moccasin (D:5)
  2 black bears
  A necrophage (D:7)
  7 ogres
  2 centaurs
  A lemure (D:9)
  2 phantoms
  2 kobold brigands
  2 bullfrogs
  A scorpion (D:5)
  4 howler monkeys
  A crimson imp (D:6)
  4 centaur zombies
  A hound (D:7)
  3 centaur skeletons
  2 iguanas
  Terence (D:3)
  5 orc wizards
  A killer bee zombie (D:9)
  5 gnolls
  8 adders
  2 worms
  45 orcs
  5 ball pythons
  2 endoplasms
  A giant cockroach (D:1)
  7 goblins
  3 hobgoblins
  11 jackals
  15 kobolds
  5 quokkas
  4 bats
  3 frilled lizards
  7 rats
  A fulminant prism (D:8)
217 creatures vanquished.

Vanquished Creatures (others)
  17 fulminant prisms
  A fungus (Orc:2)
  3 plants (D:1)
21 creatures vanquished.

Grand Total: 238 creatures vanquished

Notes
Turn   | Place    | Note
-------+----------+-------------------------------------------
     0 | D:1      | miscthings the Djinni Conjurer began the quest for the Orb.
     0 | D:1      | Reached XP level 1. HP: 15/15 MP: 0/0
   123 | D:1      | Found a faded altar of an unknown god.
   153 | D:1      | Reached XP level 2. HP: 12/21 MP: 0/0
   155 | D:1      | Reached skill level 4 in Spellcasting
   991 | D:2      | Reached XP level 3. HP: 19/25 MP: 0/0
   991 | D:2      | Learned a level 1 spell: Apportation
  1843 | D:3      | Reached XP level 4. HP: 22/31 MP: 0/0
  2076 | D:3      | Noticed Terence
  2084 | D:3      | Killed Terence
  2085 | D:3      | Reached skill level 5 in Spellcasting
  2420 | D:3      | Reached XP level 5. HP: 32/35 MP: 0/0
  2420 | D:3      | Learned a level 2 spell: Blink
  2547 | D:3      | You are sucked into a shaft and drop 3 floors!
  2550 | D:6      | Found a runed translucent gate.
  2551 | D:6      | Found a runed translucent gate.
  2552 | D:6      | Found a runed translucent gate.
  2554 | D:6      | Noticed an ice beast
  2554 | D:6      | Noticed karrick's ghost (novice DjFE)
  2577 | D:6      | Noticed a black bear
  2589 | D:6      | Killed a black bear
  2590 | D:6      | Reached skill level 6 in Spellcasting
  2618 | D:6      | Found a burning altar of Makhleb.
  2620 | D:6      | Reached XP level 6. HP: 36/40 MP: 0/0
  2626 | D:6      | Became a worshipper of Makhleb the Destroyer
  2643 | D:5      | Entered Level 5 of the Dungeon
  3017 | D:5      | Reached XP level 7. HP: 41/45 MP: 0/0
  3017 | D:5      | Learned a level 3 spell: Ozocubu's Armour
  3041 | D:5      | Reached skill level 7 in Spellcasting
  3134 | D:5      | Found Kakuzoom's Serpentskin Sales.
  3399 | D:5      | Reached skill level 8 in Spellcasting
  3553 | D:4      | Found Jocser's General Store.
  3558 | D:4      | Bought a potion of heal wounds for 65 gold pieces
  3558 | D:4      | Bought a scroll of fear for 45 gold pieces
  3619 | D:4      | Reached XP level 8. HP: 46/50 MP: 0/0
  3655 | D:4      | Found a glowing drain.
  3660 | D:4      | Reached * piety under Makhleb
  3667 | Sewer    | Entered a sewer
  3767 | Sewer    | Found a glowing silver altar of Zin.
  4312 | D:4      | Found a glowing golden altar of the Shining One.
  5062 | D:6      | Reached skill level 9 in Spellcasting
  5065 | D:6      | Found a basalt altar of Yredelemnul.
  5271 | D:7      | Noticed a wyvern
  5397 | D:7      | Killed a wyvern
  5403 | D:7      | Reached skill level 1 in Fighting
  5403 | D:7      | Reached skill level 1 in Armour
  5403 | D:7      | Reached skill level 1 in Evocations
  5562 | D:7      | Found a bloodstained altar of Trog.
  5564 | D:7      | Found an iron altar of Okawaru.
  5785 | D:7      | Found a staircase to the Ecumenical Temple.
  5790 | D:7      | Reached XP level 9. HP: 57/58 MP: 0/0
  5790 | D:7      | Learned a level 4 spell: Olgreb's Toxic Radiance
  5865 | D:7      | Found a hazy altar of Hepliaklqana.
  5866 | D:7      | Found a shimmering altar of Xom.
  5867 | D:7      | Noticed a spectral ugly thing
  6296 | D:8      | Reached ** piety under Makhleb
  6783 | D:8      | Noticed a komodo dragon
  6787 | D:8      | Killed a komodo dragon
  6820 | D:8      | Noticed a komodo dragon
  7137 | D:8      | Killed a komodo dragon
  7138 | D:8      | Reached skill level 5 in Dodging
  7138 | D:8      | Reached skill level 10 in Spellcasting
  7138 | D:8      | Reached XP level 10. HP: 63/67 MP: 0/0
  7188 | D:8      | Found a staircase to the Lair.
  7298 | D:9      | Found a flagged portal.
  7318 | Bailey   | Entered a bailey
  8179 | Bailey   | Noticed an orc knight
  8187 | Bailey   | Killed an orc knight
  8188 | Bailey   | Reached skill level 5 in Fighting
  8188 | Bailey   | Reached skill level 5 in Evocations
  8850 | D:9      | Noticed Joseph
  9166 | D:9      | Killed Joseph
  9284 | D:9      | Noticed a two-headed ogre
  9291 | D:9      | Killed a two-headed ogre
  9292 | D:9      | Reached XP level 11. HP: 75/76 MP: 0/0
  9292 | D:9      | Learned a level 4 spell: Passage of Golubria
  9313 | D:9      | Identified the +3 buckler of Indemnity {Str-2 Int+4 Stlth+}
  9408 | D:9      | Reached skill level 1 in Shields
  9767 | D:9      | Noticed Pikel
  9772 | D:9      | Killed Pikel
  9961 | D:10     | Entered Level 10 of the Dungeon
  9985 | D:10     | Noticed a two-headed ogre
  9991 | D:10     | Killed a two-headed ogre
 10117 | D:10     | Noticed a two-headed ogre
 10123 | D:10     | Killed a two-headed ogre
 10146 | D:10     | Found a staircase to the Orcish Mines.
 10297 | D:10     | Found a glowing silver altar of Zin.
 10324 | D:10     | Found a broken altar of Ashenzari.
 10329 | D:10     | Identified the +1 plate armour "Gaphi" {Regen+}
 10765 | Orc:1    | Entered Level 1 of the Orcish Mines
 10767 | Orc:1    | Reached *** piety under Makhleb
 11037 | Orc:2    | Entered Level 2 of the Orcish Mines
 11037 | Orc:2    | Noticed an orc knight
 11037 | Orc:2    | Noticed an orc knight
 11047 | Orc:2    | Noticed a two-headed ogre
 11052 | Orc:2    | Noticed an orc sorcerer
 11052 | Orc:2    | Noticed an orc high priest
 11053 | Orc:2    | Noticed an orc warlord
 11054 | Orc:2    | Killed an orc knight
 11054 | Orc:2    | Noticed an orc high priest
 11055 | Orc:2    | Noticed an orc sorcerer
 11058 | Orc:2    | Killed a two-headed ogre
 11059 | Orc:2    | Reached skill level 11 in Spellcasting
 11059 | Orc:2    | Killed an orc sorcerer
 11059 | Orc:2    | Killed an orc knight
 11059 | Orc:2    | Killed from afar by an orc priest

Illustrated notes

Levels and vault maps discovered:
D:1:      giann_bridges, layout_rooms, ebering_ecumenical_altar_abandoned,
          serial_bayou_lagoon_a
D:2:      layout_basic, basic_altar
D:3:      layout_loops_ring, uniq_terence
D:4:      layout_gridville, nicolae_overflow_hidden_temple, serial_shops, shop,
          cheibrodos_sewer_entry_bend
D:5:      layout_basic, chequers_mini_garden, guppyfry_shop_venom
D:6:      layout_loops_ring, makhleb_grotto_becter,
          nicolae_overflow_crystal_walls, gammafunk_ghost_split,
          chequers_serial_rivers_large_b
D:7:      layout_basic, regret_index_temple_of_mockery,
          grunt_temple_overflow_open, minmay_temple_entry_large_hall,
          minivault_26, kennysheep_generic_room_16
D:8:      layout_cave_pools, lemuel_blue_sif_altar, erik_lair_dragon
D:9:      layout_basic, enter_bailey_5, uniq_pikel, uniq_joseph
D:10:     layout_stronghold, evilmike_ruin_ashenzari, kennysheep_mini,
          david_orc_2, serial_glass, glass_columns_a, glass_columns_b,
          glass_columns_c, glass_columns_b, nzn_life_drinkers
Orc:1:    layout_caves, nicolae_orc_flooded_monolith
Orc:2:    grunt_orc_gardens, layout_caves, grunt_orc_garden, grunt_orc_garden,
          grunt_orc_garden, grunt_orc_garden, nicolae_orc_lost_temple

Skill      XL: |  1  2  3  4  5  6  7  8  9 10 11 |
---------------+----------------------------------+-----
Spellcasting   | 4 5 6 8 9 10 11 | 11.0
Fighting       | 1 4 5 7 |  7.1
Armour         | 1 4 |  4.0
Evocations     | 1 4 5 7 |  7.1
Dodging        | 3 5 7 8 |  8.2
Shields        | 3 |  3.5
Stealth        | |  1.5

Action                   |  1- 3 |  4- 6 |  7- 9 | 10-12 || total
-------------------------+-------+-------+-------+-------++-------
Melee: Unarmed           |     1 |       |       |       ||     1
       Staff             |       |       |       |     4 ||     4
 Cast: Magic Dart        |    16 |       |       |       ||    16
       Searing Ray       |    26 |    21 |    42 |    34 ||   123
       Fulminant Prism   |       |     2 |    11 |     5 ||    18
       Olgreb's Toxic Ra |       |       |     6 |    25 ||    31
       Dazzling Flash    |       |       |     3 |     1 ||     4
       Ozocubu's Armour  |       |       |     1 |    13 ||    14
       Iskenderun's Myst |       |       |       |    22 ||    22
  Use: Scroll            |       |     1 |    10 |       ||    11
       Potion            |       |       |     1 |     1 ||     2
Armor: Robe              |     3 |       |     5 |       ||     8
       Acid dragon scale |       |       |     4 |       ||     4
       Steam dragon scal |       |       |       |    11 ||    11
       Troll leather arm |       |       |       |    11 ||    11
Dodge: Dodged            |     4 |     6 |    14 |    47 ||    71
Block: Other             |       |       |     5 |    14 ||    19
       Reflection        |       |       |       |    12 ||    12
       Buckler           |       |       |       |    19 ||    19

Table legend: (Time is in decaauts)
 A = Elapsed time spent in this place.
 B = Non-inter-level travel time spent in this place.
 C = Inter-level travel time spent in this place.
 D = Time resting spent in this place.
 E = Time spent auto-exploring this place.
 F = Levels seen in this place.
 G = Mean time per level.
                   A        B        C        D        E       F      G
               +--------+--------+--------+--------+--------+-----+--------+
         Total |  11060 |  10503 |    557 |   2755 |   6455 |  14 |  790.0 |
       Dungeon |   9102 |   8556 |    546 |   1646 |   5901 |  10 |  910.2 |
  Orcish Mines |    294 |    283 |     11 |      0 |    240 |   2 |  147.0 |
         Sewer |    136 |    136 |      0 |      0 |     82 |   1 |  136.0 |
        Bailey |   1526 |   1526 |      0 |   1109 |    232 |   1 | 1526.0 |
               +--------+--------+--------+--------+--------+-----+--------+

Top non-repeatable levels by time:
  Bailey: 1526 daAuts
     D:8: 1107 daAuts
     D:5: 1084 daAuts
     D:3: 1071 daAuts
     D:7: 1070 daAuts
     D:9: 1037 daAuts
     D:2: 908 daAuts
    D:10: 803 daAuts
     D:1: 803 daAuts
     D:6: 681 daAuts
     D:4: 535 daAuts
   Orc:1: 272 daAuts
   Sewer: 136 daAuts
   Orc:2: 21 daAuts
